 Dungeon Crawl Stone Soup version 0.23.2-33-g5129a83184 (webtiles) character file.

Game seed: 6287802867850622299

42 Felnil the Shield-Bearer (level 3, -3/29 HPs)
             Began as a Mummy Fighter on Aug 7, 2019.
             Killed from afar by a hobgoblin (6 damage)
             ... with a wand of flame (17)
             ... on level 2 of the Dungeon.
             The game lasted 00:03:07 (1008 turns).

Felnil the Shield-Bearer (Mummy Fighter)            Turns: 1008, Time: 00:03:08

Health: -3/29      AC:  6    Str: 20    XL:     3   Next: 33%
Magic:  3/3        EV:  7    Int:  7    God:
Gold:   85         SH:  9    Dex: 11    Spells: 2/2 levels left

rFire    x . .     SeeInvis .   a - +0 war axe
rCold    + . .     Gourm    .   c - +0 shield
rNeg     + + +     Faith    .   b - +0 scale mail
rPois    ∞         Spirit   .   (no helmet)
rElec    .         Reflect  .   (no cloak)
rCorr    .         Harm     .   (no gloves)
MR       .....                  (no boots)
Stlth    ..........             (no amulet)
HPRegen  0.09/turn              (no ring)
MPRegen  0.08/turn              (no ring)

@: no status effects
A: no food or potions, fire vulnerability, cold resistance 1, negative energy
resistance 3, torment resistance, unbreathing
a: no special abilities


You were on level 2 of the Dungeon.
You were not hungry.

You visited 1 branch of the dungeon, and saw 2 of its levels.

You collected 85 gold pieces.

Inventory:

Hand Weapons
 a - a +0 war axe (weapon)
Missiles
 h - 6 tomahawks (quivered)
Armour
 b - a +0 scale mail (worn)
 c - a +0 shield (worn)
Scrolls
 d - 3 scrolls of identify {unknown}
 e - a scroll of fear {unknown}
 f - a scroll of remove curse {unknown}
 g - a scroll of blinking {unknown}
 i - a scroll of teleportation {unknown}


   Skills:
 - Level 3.0 Fighting
 - Level 1.5 Axes
 - Level 2.4 Armour
 + Level 3.6 Shields


You had 2 spell levels left.
You didn't know any spells.
Your spell library was empty.

Dungeon Overview and Level Annotations

Branches:
Dungeon (2/15)

Altars:

Annotations:
D:2 Sigmund


Innate Abilities, Weirdness & Mutations

You do not eat or drink.
Your flesh is vulnerable to fire.
You are immune to poison.
Your flesh is cold resistant. (rC+)
You are immune to negative energy. (rN+++)
You are immune to unholy pain and torment.
You can survive without breathing.


Message History

You are too injured to fight recklessly!
You are too injured to fight recklessly!
You closely miss the hobgoblin. You block the hobgoblin's attack.
You hit the hobgoblin.
The hobgoblin is lightly wounded.
The hobgoblin zaps a wand.
The puff of flame misses you.
Sigmund the Dreaded comes into view.
He is wielding a +0 scythe.
The dart slug launches a dart at you. You block the slug dart.
The hobgoblin hits you with a +0 club.
* * * LOW HITPOINT WARNING * * *
The hobgoblin zaps a wand.
You block the puff of flame. The dart slug launches a dart at you.
You block the slug dart.
You see here a bat corpse.
The hobgoblin zaps a wand.
The puff of flame hits you. The fire burns you terribly!
* * * LOW HITPOINT WARNING * * *
The hobgoblin zaps a wand.
The puff of flame hits you. The fire burns you terribly!
You die...

###.#####.###
#.# #.# ##.#
#### #.# #..#
... #.# #.##
#####.##.## #.#
.........# #.# .
.......# #.#
#@##.##..###@#
#......wg....#.#
####...........#
#........#######
#.######.# ..
#.# .. ........#
. #########


You could see a dart slug and a hobgoblin.

Vanquished Creatures
  2 adders (D:2)
  A dart slug (D:1)
  A leopard gecko (D:2)
  A giant cockroach (D:1)
  2 goblins
  5 jackals
  4 bats
  A frilled lizard (D:1)
  A kobold (D:1)
  2 rats (D:1)
20 creatures vanquished.

Notes
Turn   | Place    | Note
-------+----------+-------------------------------------------
     0 | D:1      | Felnil the Mummy Fighter began the quest for the Orb.
     0 | D:1      | Reached XP level 1. HP: 18/18 MP: 1/1
     6 | D:1      | Noticed a black mamba
     6 | D:1      | Noticed a seven-headed hydra
     7 | D:1      | Noticed a wolf
   337 | D:1      | Reached XP level 2. HP: 24/24 MP: 2/2
   836 | D:2      | Reached XP level 3. HP: 26/29 MP: 3/3
  1001 | D:2      | Noticed Sigmund
  1008 | D:2      | Killed from afar by a hobgoblin

Skill      XL: |  1 |
---------------+----+-----
Shields        | 3 |  3.6
Fighting       | |  3.0
Axes           | |  1.5
Armour         | |  2.4

Action                   || total
-------------------------++-------
Melee: War axe           ||    84
Armor: Scale mail        ||    64
Dodge: Dodged            ||    46
Block: Shield            ||    68
